 Seeded DCSS version 0.25-a0-857-g60a0bcd (webtiles) character file.

Game seed: 7948501253545438165, levelgen mode: deterministic

355 Faels the Sneak (level 6, 0/37 HPs)
             Began as a Kobold Ice Elementalist on Apr 26, 2020.
             Slain by a worker ant (5 damage)
             ... on level 4 of the Dungeon.
             The game lasted 00:15:25 (4456 turns).

Faels the Sneak (Kobold Ice Elementalist)           Turns: 4456, Time: 00:15:25

Health: 0/37       AC:  4    Str:  7    XL:     6   Next: 95%
Magic:  8/9        EV: 16    Int: 17    God:
Gold:   124        SH:  0    Dex: 15    Spells: 5/9 levels left

rFire    . . .     SeeInvis .   n - +2 dagger (vamp)
rCold    . . .     Gourm    .   (shield restricted)
rNeg     . . .     Faith    .   g - +1 leather armour
rPois    .         Spirit   .   (no helmet)
rElec    .         Reflect  .   (no cloak)
rCorr    +         Harm     .   (no gloves)
MR       .....                  (no boots)
Stlth    +++.......             (no amulet)
HPRegen  0.12/turn              i - ring of resist corrosion
MPRegen  0.11/turn              (no ring)

@: no status effects
A: small, carnivore
a: no special abilities


You were on level 4 of the Dungeon.
You were completely stuffed.

You visited 1 branch of the dungeon, and saw 4 of its levels.

You collected 124 gold pieces.

Inventory:

Hand Weapons
 b - a +0 club
 h - a +0 dagger
 j - a +0 short sword
 n - a +2 vampiric dagger (weapon)
 v - a +2 short sword of holy wrath
Missiles
 r - 4 curare-tipped darts
 t - 26 poisoned darts (quivered)
Armour
 a - a +0 robe
 d - a +0 scale mail
 g - a +1 leather armour (worn)
Jewellery
 i - a ring of resist corrosion (left hand)
 s - an uncursed amulet of the gourmand
Scrolls
 e - 2 scrolls of teleportation {unknown}
 f - a scroll of fear
 l - a scroll of enchant armour
 o - 6 scrolls of remove curse
 p - 2 scrolls of amnesia
 q - a scroll of fog {unknown}
 u - a scroll of identify
Potions
 k - 2 potions of resistance
 m - a potion of magic
Comestibles
 c - 6 rations


   Skills:
 + Level 3.1 Fighting
 + Level 4.4 Short Blades
 - Level 0.3 Maces & Flails
 + Level 1.6 Throwing
 + Level 4.1 Dodging
 + Level 4.8 Stealth
 - Level 2.1 Spellcasting
 - Level 4.0 Ice Magic


You had 5 spell levels left.
You knew the following spells:

 Your Spells              Type           Power        Failure   Level  Hunger
a - Freeze                Ice            ###.         5%          1    #......
b - Frozen Ramparts       Ice            ###...       17%         3    ###....

Your spell library contained the following spells:

 Spells                   Type           Power        Failure   Level  Hunger
 Ozocubu's Armour         Chrm/Ice       #.......     36%         3    ###....
 Hailstorm                Conj/Ice       #.......     77%         4    #####..
 Summon Ice Beast         Ice/Summ       #.......     77%         4    #####..


Dungeon Overview and Level Annotations

Branches:
Dungeon (4/15)
 Temple: D:4-7

Altars:
Qazlal
Uskayaw


Innate Abilities, Weirdness & Mutations

You are small and have problems with some larger weapons.
You are carnivorous and can eat meat at any time.


Message History

Your leather armour prevents you from hitting the worker ant.
The worker ant is heavily wounded.
The worker ant completely misses you.
You hit the worker ant but do no damage.
The worker ant is heavily wounded.
The worker ant closely misses you.
You barely miss the worker ant.
The worker ant is heavily wounded.
The worker ant closely misses you.
You hit the worker ant.
You feel better.
The worker ant is severely wounded.
The worker ant misses you.
You closely miss the worker ant.
The worker ant is severely wounded.
The worker ant bites you!
* * * LOW HITPOINT WARNING * * *
You hit the worker ant but do no damage.
The worker ant is heavily wounded.
The worker ant bites you.
You die...

##.................##≈#..
#.................#≈#≈≈###
...................#≈≈≈≈≈ #
........###.......##≈#≈≈#≈≈
........# #.......#≈≈≈≈≈≈≈≈
#.......# #.......≈≈#≈≈≈#≈≈
##......###÷......##≈≈≈≈≈≈#
#.................#≈≈#≈≈≈≈
.##.....@........{##≈≈###
###..a)..........≈≈##..
#....................
#..(.................
#..(..#....#.......##.
#....###...........###.
...... #...........###.
.....(( ............##..
....... .....##...#...


You could see a worker ant.

Vanquished Creatures
  2 ogres
  A crimson imp (D:1)
  A bullfrog skeleton (D:4)
  An orc wizard (D:4)
  A worker ant (D:4)
  2 adders
  An ooze (D:1)
  A worm (D:2)
  2 leopard geckos
  4 orcs (D:4)
  2 giant cockroaches
  9 goblins
  4 hobgoblins
  A quokka (D:2)
  6 bats
  5 frilled lizards
  3 kobolds
  4 rats (D:2)
50 creatures vanquished.

Notes
Turn   | Place    | Note
-------+----------+-------------------------------------------
     0 | D:1      | Faels the Kobold Ice Elementalist began the quest for the
                  | Orb.
     0 | D:1      | Reached XP level 1. HP: 10/10 MP: 3/3
   407 | D:1      | Reached skill level 1 in Fighting
   407 | D:1      | Reached XP level 2. HP: 12/16 MP: 5/5
  1072 | D:2      | Noticed a crimson imp
  1086 | D:1      | Reached skill level 1 in Short Blades
  1086 | D:1      | Reached XP level 3. HP: 7/20 MP: 6/6
  1096 | D:1      | Reached XP level 4. HP: 9/26 MP: 1/7
  1339 | D:2      | Found a hide-covered altar of Uskayaw.
  1496 | D:2      | Noticed a +0 dagger
  1497 | D:2      | Noticed a +0 hand axe
  2202 | D:2      | Learned a level 3 spell: Frozen Ramparts
  2533 | D:3      | Found a stormy altar of Qazlal.
  2629 | D:3      | Noticed an ogre
  2641 | D:3      | Killed an ogre
  2641 | D:3      | Reached XP level 5. HP: 31/31 MP: 8/8
  3645 | D:4      | Reached XP level 6. HP: 17/36 MP: 0/9
  3994 | D:4      | Reached skill level 1 in Throwing
  4430 | D:4      | Noticed an ogre
  4444 | D:4      | Killed an ogre
  4456 | D:4      | Slain by a worker ant

Levels and vault maps discovered:
D:1:      psy_arrival_fountain, layout_loops_ring
D:2:      layout_loops_cross, dancing_weapons_uskayaw, first_ration
D:3:      layout_loops_ring, serial_bayou_pond_d,
          nicolae_qazlal_general_emergency
D:4:      layout_layer_cave, minivault_4, uniq_crazy_yiuf_cottage

Skill      XL: |  1  2  3  4  5  6 |
---------------+-------------------+-----
Fighting       | 1 2 3 |  3.1
Stealth        | 3 4 |  4.8
Short Blades   | 1 2 3 4 |  4.4
Dodging        | 3 4 |  4.1
Throwing       | 1 |  1.6
Maces & Flails | |  0.3
Spellcasting   | |  2.1
Ice Magic      | |  4.0

Action                   |  1- 3 |  4- 6 || total
-------------------------+-------+-------++-------
Melee: Club              |    15 |       ||    15
       Dagger            |    43 |   151 ||   194
       Short sword       |       |     9 ||     9
Throw: Dart              |       |    12 ||    12
 Cast: Freeze            |    11 |    36 ||    47
  Use: Scroll            |       |     8 ||     8
       Potion            |       |     4 ||     4
 Stab: Sleeping          |     3 |    12 ||    15
  Eat: Chunk             |     9 |    11 ||    20
Armor: Robe              |    10 |       ||    10
       Leather armour    |     2 |    25 ||    27
Dodge: Dodged            |    65 |   122 ||   187

Table legend:
 A = Non-vault XP
 B = Vault XP
 C = Vault XP percentage of total XP
 D = Non-vault monster count
 E = Vault monster count
 F = Vault count percentage of total count
                 A         B        C        D         E       F
            +---------+---------+-------+---------+---------+-------
      Total |     508 |       0 |   0.0 |      50 |       0 |   0.0
            +---------+---------+-------+---------+---------+-------
        D:1 |      78 |       0 |   0.0 |      14 |       0 |   0.0
        D:2 |      36 |       0 |   0.0 |      15 |       0 |   0.0
        D:3 |     146 |       0 |   0.0 |      11 |       0 |   0.0
        D:4 |     248 |       0 |   0.0 |      10 |       0 |   0.0
            +---------+---------+-------+---------+---------+-------
